 Dungeon Crawl Stone Soup version 0.30-b1-5-g8e6c1be481 (webtiles) character file.

Game seed: 7965568307555878108

56 MacCMillion the Shield-Bearer (level 3, -1/31 HPs)
             Began as a Ghoul Fighter on May 4, 2023.
             Slain by a cerulean imp
             ... wielding a +0 spear
             ... summoned by Natasha
              (3 damage)
             ... on level 1 of the Dungeon.
             The game lasted 00:02:55 (1073 turns).

MacCMillion the Shield-Bearer (Ghoul Fighter)       Turns: 1073, Time: 00:02:56

Health: -1/31      AC: 10    Str: 21    XL:     3   Next: 97%
Magic:  2/2        EV:  7    Int:  3    God:
Gold:   48         SH:  4    Dex:  8    Spells: 2/2 levels left

rFire   . . .        a - +0 flail
rCold   + . .        c - +0 buckler
rNeg    + + +        m - +0 chain mail
rPois   ∞            (no helmet)
rElec   .            j - scarf {repulsion}
rCorr   .            i - +0 pair of gloves
SInv    .            (no boots)
Will    .....        (no amulet) Stlth
                     (no ring)
HPRegen 0.00/turn    (no ring)
MPRegen 0.08/turn

%: repel missiles
@: inhibited regen, slowed, very slow
A: claws 1, cold resistance 1, negative energy resistance 3, inhibited
regeneration, torment resistance 2, devour on kill
a: no special abilities


You were on level 1 of the Dungeon.
You visited 1 branch of the dungeon, and saw 2 of its levels.

You collected 48 gold pieces.

Inventory:

Hand Weapons
 a - a +0 flail (weapon)
Missiles
 l - 4 atropa-tipped darts (quivered)
Armour
 c - a +0 buckler (worn)
 i - a +0 pair of gloves (worn)
 j - a scarf of repulsion (worn)
 m - a +0 chain mail (worn)
Scrolls
 e - 2 scrolls of blinking {unknown}
Potions
 d - a potion of might
 f - a potion of attraction {unknown}
 g - a potion of degeneration {unknown}
 h - a potion of curing {unknown}
 k - a potion of flight {unknown}


   Skills:
 - Level 3.2 Fighting
 + Level 2.5 Maces & Flails
 + Level 3.3 Armour
 + Level 3.3 Shields


You had 2 spell levels left.
You didn't know any spells.
Your spell library contained the following spells:

 Spells                   Type           Power      Damage    Failure   Level
 Slow                     Hex            0%         N/A       99%         1
 Cigotuvi's Dreadful Rot  Necr/Pois/Air  0%         N/A       100%        2
 Confusing Touch          Hex            0%         N/A       100%        3
 Vampiric Draining        Necr           0%         2d6       100%        3
 Summon Lightning Spire   Summ/Air       0%         N/A       100%        4


Dungeon Overview and Level Annotations

Branches:
Dungeon (2/15)

Altars:

Annotations:
D:1 Natasha


Innate Abilities, Weirdness & Mutations

You are immune to poison.
You have sharp fingernails.
Your flesh is cold resistant. (rC+)
You are immune to negative energy. (rN+++)
You do not regenerate when monsters are visible.
You are immune to unholy pain and torment.
You thrive by killing the living.


Message History

You barely miss Natasha.
Natasha is moderately wounded.
Natasha barely misses you. The cerulean imp barely misses you.
Natasha claws you!
You barely miss Natasha.
Natasha is moderately wounded.
You block the cerulean imp's attack. Natasha claws you.
You closely miss Natasha.
Natasha is moderately wounded.
The cerulean imp hits you but does no damage.
Natasha barely misses you.
You closely miss Natasha.
Natasha is moderately wounded.
The cerulean imp hits you but does no damage.
Natasha closely misses you.
The cerulean imp hits you from afar with a +0 spear.
You barely miss Natasha.
Natasha is moderately wounded.
Natasha casts a spell at you.
You feel yourself slow down.
The cerulean imp hits you from afar with a +0 spear.
Natasha claws you but does no damage.
You closely miss Natasha.
Natasha is moderately wounded.
The cerulean imp hits you but does no damage.
Natasha casts a spell at you. You resist with significant effort.
The cerulean imp hits you but does no damage.
Natasha claws you but does no damage.
You sock Natasha!
Natasha is almost dead.
The cerulean imp hits you but does no damage.
Natasha claws you.
* * * LOW HITPOINT WARNING * * *
The cerulean imp closely misses you. Natasha claws you.
* * * LOW HITPOINT WARNING * * *
You miss Natasha.
Natasha is almost dead.
The cerulean imp hits you from afar with a +0 spear.
You die...

###############
#..........(..#
#.............#
#.............#
########.............#
#........h...........#
#.#####.@.5..........####
#.#.................)....
#.....#.##.######.##.....
####...†##...............
#.......>................
#.##(####....####.##.....
#.#....##....####'##.....
#.#..#.##..........#.....
#.#..#.####........#.....


You could see Natasha and a cerulean imp (summoned).

Vanquished Creatures
  Natasha (D:1)
  2 dart slugs (D:1)
  A ball python (D:1)
  4 endoplasms (D:1)
  4 goblins (D:1)
  2 hobgoblins (D:1)
  2 jackals (D:1)
  2 kobolds (D:1)
  2 quokkas (D:1)
  A bat (D:1)
  2 frilled lizards (D:1)
  2 rats (D:1)
25 creatures vanquished.

Notes
Turn   | Place    | Note
-------+----------+-------------------------------------------
     0 | D:1      | MacCMillion the Ghoul Fighter began the quest for the Orb.
     0 | D:1      | Reached XP level 1. HP: 19/19 MP: 0/0
   108 | D:1      | Reached XP level 2. HP: 26/26 MP: 1/1
   488 | D:1      | Reached XP level 3. HP: 31/31 MP: 2/2
   656 | D:1      | Found a faded altar of an unknown god.
   780 | D:1      | Got the Octavo of the Bane and Air
   984 | D:2      | Noticed Natasha
   995 | D:1      | Killed Natasha
  1057 | D:1      | Noticed Natasha
  1073 | D:1      | Slain by a cerulean imp

Illustrated notes

Levels and vault maps discovered:
D:1:      arrival_zaba_pyramid, layout_basic,
          dreamdust_ecumenical_altar_angels_and_demons
D:2:      layout_rooms, moated_statue, chequers_garden, uniq_natasha

Skill      XL: |  1  2 |
---------------+-------+-----
Maces & Flails | 2 |  2.5
Armour         | 3 |  3.3
Shields        | 3 |  3.3
Fighting       | |  3.2

Action                     || total
---------------------------++-------
  Melee: Flail             ||    74
 Armour: Scale mail        ||    16
         Chain mail        ||    16
  Dodge: Dodged            ||    36
  Block: Buckler           ||    14
